 Dungeon Crawl Stone Soup version 0.29-a0-323-g050149af67 (webtiles) character file.

Game seed: 10676777471955257103

41 spaghetti the Sneak (level 3, 0/29 HPs)
             Began as a Demigod Brigand on Apr 11, 2022.
             Succumbed to an adder's poison
             ... on level 2 of the Dungeon.
             The game lasted 00:02:30 (1753 turns).

spaghetti the Sneak (Demigod Brigand)               Turns: 1753, Time: 00:02:30

Health: 0/29       AC:  3    Str: 10 (12) XL:     3   Next: 16%
Magic:  5/5        EV: 13    Int: 12 (13) God:
Gold:   46         SH:  0    Dex: 17 (19) Spells: 0/2 levels left

rFire   . . .      SeeInvis .   n - +1 dagger (vamp) {short}
rCold   . . .      Faith    .   (no shield)
rNeg    . . .      Spirit   .   b - +0 robe
rPois   .          Reflect  .   (no helmet)
rElec   .          Harm     .   c - +0 cloak
rCorr   .          Rampage  .   (no gloves)
Will    .....                   (no boots)
Stlth   +++.......              (no amulet)
HPRegen 0.09/turn               (no ring)
MPRegen 0.09/turn               (no ring)

@: mighty, lethally poisoned (0 -> -6)
A: high MP 1, forlorn, divine attributes
a: no special abilities


You were on level 2 of the Dungeon.
You visited 1 branch of the dungeon, and saw 2 of its levels.

You collected 46 gold pieces.


Innate Abilities, Weirdness & Mutations

You have an increased reservoir of magic. (+10% MP)
You shall have no god before yourself.
Your divine heritage dramatically boosts your attributes as you level up.


   Skills:
 - Level 1.7 Fighting
 + Level 1.8 Short Blades
 + Level 2.3 Throwing
 + Level 2.4 Dodging
 - Level 3.6 Stealth
 + Level 0.2 Transmutations


You couldn't memorise any spells.
You knew the following spells:

 Your Spells              Type           Power      Damage    Failure   Level
a - Wereblood             Tmut           0%         N/A       43%         2

Your spell library contained the following spells:

 Spells                   Type           Power      Damage    Failure   Level
 Corpse Rot               Necr/Air       0%         N/A       45%         2
 Poisonous Vapours        Pois/Air       0%         N/A       45%         2
 Sublimation of Blood     Necr           0%         N/A       45%         2
 Summon Hydra             Summ           0%         N/A       100%        7

Inventory:

Hand Weapons
 a - a +2 dagger {short}
 n - a +1 vampiric dagger (weapon) {short}
   (You took it off a goblin on level 1 of the Dungeon)
Missiles
 d - 9 poisoned darts (quivered) {throwing}
 e - 2 curare-tipped darts {=fthrowing}
 m - 2 datura-tipped darts {throwing}
 p - 3 stones {throwing}
Armour
 b - a +0 robe (worn)
 c - a +0 cloak (worn)
Scrolls
 g - a scroll of immolation {unknown}
 h - 2 scrolls of magic mapping {unknown}
 i - a scroll of enchant armour {unknown}
 k - a scroll of vulnerability {unknown}
 o - a scroll of fear {unknown}
Potions
 f - a potion of curing {unknown}

Dungeon Overview and Level Annotations

Branches:
Dungeon (2/15)

#.............<#
#.##############
#.# #.# #.# #.#
#)# ######.##.#
#...S@)...#
#....†....#
#.........#
#..###+#.......
## #.##.### ..>
$.. #.. .### ...


You could see an adder.


Message History

You take 1 damage, and now have 28/29 hp.
You hit the endoplasm.
You feel better. The endoplasm barely misses you. The rat bites you.
You hit the endoplasm.
You feel a bit better.
You kill the endoplasm!
The kobold barely misses you. The rat barely misses you.
You closely miss the rat. The kobold misses you.
The rat misses you. 😎 HP[+1] MP[+1]
Your hp is fully restored (29).
You closely miss the rat. The kobold hits you but does no damage.
The rat barely misses you.
You hit the rat. The kobold hits you with a +0 dagger.
The rat bites you. 😕 HP[-3]
You take 3 damage, and now have 26/29 hp.
You are too injured to fight recklessly!
You are too injured to fight recklessly!
You are too injured to fight recklessly!
You are too injured to fight recklessly!
You are too injured to fight recklessly!
You are too injured to fight recklessly!
You are too injured to fight recklessly!
You are too injured to fight recklessly!
You are too injured to fight recklessly!
You are too injured to fight recklessly!
You are too injured to fight recklessly!
You are too injured to fight recklessly!
You are too injured to fight recklessly!
You are too injured to fight recklessly!
You are too injured to fight recklessly!
You are too injured to fight recklessly!
You closely miss the rat.
Your primal bloodlust is almost over.
The kobold hits you but does no damage. The rat bites you. 😕 HP[-2]
You take 2 damage, and now have 24/29 hp.
You closely miss the rat.
An adder comes into view.
The kobold hits you with a +0 dagger.
The rat bites you but does no damage. 😕 HP[-1]
You take 1 damage, and now have 23/29 hp.
The adder hisses angrily.
You hit the rat.
You feel better. 😕 HP[+1]
You completely miss the rat. The rat barely misses you.
The kobold hits you with a +0 dagger. 😮 HP[-3]
You take 3 damage, and now have 21/29 hp.
You hit the rat.
You feel a bit better.
You kill the rat!
The kobold barely misses you. 😕 HP[+2]
You regained 2 hp, and now have 23/29 hp.
You closely miss the kobold.
You howl as the wereblood boils in your veins!
The kobold hits you but does no damage.
You barely miss the kobold. The adder bites you.
The kobold hits you with a +0 dagger.
The adder bites you but does no damage. 😮 HP[-5]
You take 5 damage, and now have 18/29 hp.
You closely miss the kobold.
Your primal bloodlust has ended.
The kobold misses you. The adder bites you. 😮 HP[-3]
You take 3 damage, and now have 15/29 hp.
You barely miss the kobold. The adder bites you.
* * * LOW HITPOINT WARNING * * *
The kobold hits you with a +0 dagger.
* * * LOW HITPOINT WARNING * * *
😨 HP[-6]
You take 6 damage, and now have 9/29 hp.
MASSIVE DAMAGE!! (PAUSE) It was a potion of might.
You feel very mighty all of a sudden. The adder bites you.
* * * LOW HITPOINT WARNING * * *
The kobold completely misses you. 😨 MP[+1]
Your mp is fully restored (5).
You hit the kobold.
You kill the kobold!
The adder bites you.
* * * LOW HITPOINT WARNING * * *
😱 HP[-2]
You take 2 damage, and now have 7/29 hp.
You barely miss the adder. The adder bites you.
* * * LOW HITPOINT WARNING * * *
You are lethally poisoned!
The adder poisons you! The adder misses you. 😱 HP[-4]
You take 4 damage, and now have 3/29 hp.
Unknown command.
You hit the adder.
* * * LOW HITPOINT WARNING * * *
You feel sick.
The adder bites you but does no damage. 😱 HP[-2]
You take 2 damage, and now have 1/29 hp.
It was a potion of degeneration.
There was something very wrong with that liquid.
You feel weakened.
You feel dopey.
You feel clumsy.
You die...

Skill      XL: |  1  2 |
---------------+-------+-----
Dodging        | 2 |  2.4
Throwing       | 2 |  2.3
Fighting       | |  1.7
Short Blades   | |  1.8
Stealth        | |  3.6
Transmutations | |  0.2

Action                   || total
-------------------------++-------
Melee: Dagger            ||   120
       Punch             ||     2
Throw: Dart              ||     2
 Cast: Wereblood         ||     2
  Use: Potion            ||     2
 Stab: Sleeping          ||     4
Armor: Robe              ||    33
Dodge: Dodged            ||    79

Levels and vault maps discovered:
D:1:      eino_arrival_cavern_a, layout_basic, ebering_ecumenical_altar_webs,
          serial_aquarium, aquarium_bridge_square [aquarium_subvault_bridge,
          aquarium_subvault_wall, aquarium_subvault_bridge,
          aquarium_subvault_bridge], aquarium_bridge_long_separate
          [aquarium_subvault_wall, aquarium_subvault_bridge,
          aquarium_subvault_bridge, aquarium_subvault_balcony,
          aquarium_subvault_wall, aquarium_subvault_bridge],
          aquarium_window_corner, aquarium_window_2, aquarium_view_2f,
          lemuel_another_geyser
D:2:      layout_basic, kennysheep_another_room

Notes
Turn   | Place    | Note
-------+----------+-------------------------------------------
     0 | D:1      | spaghetti the Demigod Brigand began the quest for the Orb.
     0 | D:1      | Reached XP level 1. HP: 17/17 MP: 3/3
     0 | D:1      | magus.rc [v1.9.6]
    50 | D:1      | Reached skill level 1 in Dodging
   402 | D:1      | Reached skill level 2 in Dodging
   402 | D:1      | Reached XP level 2. HP: 23/24 MP: 4/4
   457 | D:1      | HP: 4/24 [frozen (4)]
   715 | D:1      | Reached skill level 2 in Throwing
   737 | D:1      | You pick up a book of Vapours and begin reading...
   737 | D:1      | You add the spells Poisonous Vapours and Corpse Rot to your
                  | library.
   870 | D:1      | You pick up a book of Blood and begin reading...
   870 | D:1      | You add the spells Sublimation of Blood, Wereblood and
                  | Summon Hydra to your library.
  1263 | D:1      | Reached XP level 3. HP: 23/29 MP: 5/5
  1266 | D:1      | Learned a level 2 spell: Wereblood
  1750 | D:2      | HP: 7/29 [adder (2)]
  1751 | D:2      | HP: 3/29 [adder (4)]
  1752 | D:2      | HP: 1/29 [poisoned by an adder]
  1753 | D:2      | Succumbed to an adder's poison

Vanquished Creatures
  3 ball pythons (D:1)
  3 endoplasms
  2 giant cockroaches (D:1)
  5 goblins (D:1)
  6 hobgoblins (D:1)
  5 jackals (D:1)
  A quokka (D:1)
  3 bats (D:1)
  A frilled lizard (D:1)
  4 kobolds
  3 rats
36 creatures vanquished.

Table legend:
 A = Non-vault XP
 B = Vault XP
 C = Vault XP percentage of total XP
 D = Non-vault monster count
 E = Vault monster count
 F = Vault count percentage of total count
                 A         B        C        D         E       F
            +---------+---------+-------+---------+---------+-------
      Total |      59 |       0 |   0.0 |      36 |       0 |   0.0
            +---------+---------+-------+---------+---------+-------
        D:1 |      55 |       0 |   0.0 |      33 |       0 |   0.0
        D:2 |       4 |       0 |   0.0 |       3 |       0 |   0.0
            +---------+---------+-------+---------+---------+-------

Illustrated notes

Table legend:
 A = Kills in this place as a percentage of kills in entire the game.
 B = Kills by you in this place as a percentage of kills by you in the entire game.
 C = Kills by friends in this place as a percentage of kills by friends in the entire game.
 D = Other kills in this place as a percentage of other kills in the entire game.
 E = Experience gained in this place as a percentage of experience gained in the entire game.
 F = Experience gained in this place divided by the number of levels of this place that you have seen.
                   A       B       C       D       E      F
               +-------+-------+-------+-------+-------+----------------------
         Total | 100.0 | 100.0 |   N/A |   N/A | 100.0 |  29.5
       Dungeon | 100.0 | 100.0 |   N/A |   N/A | 100.0 |  29.5
               +-------+-------+-------+-------+-------+----------------------

Table legend: (Time is in decaauts)
 A = Elapsed time spent in this place.
 B = Non-inter-level travel time spent in this place.
 C = Inter-level travel time spent in this place.
 D = Time resting spent in this place.
 E = Time spent auto-exploring this place.
 F = Levels seen in this place.
 G = Mean time per level.
                   A        B        C        D        E       F      G
               +--------+--------+--------+--------+--------+-----+--------+
         Total |   1741 |   1730 |     11 |    575 |    916 |   2 |  870.5 |
       Dungeon |   1741 |   1730 |     11 |    575 |    916 |   2 |  870.5 |
               +--------+--------+--------+--------+--------+-----+--------+

Top non-repeatable levels by time:
     D:1: 1700 daAuts
     D:2: 41 daAuts
